 Dungeon Sprint DCSS version 0.16.2-12-gd0ad4c3 (webtiles) character file.

362 Ponchio the Thaumaturge (level 6, 0/32 HPs)
             Began as a Deep Elf Fire Elementalist on Oct 26, 2015.
             Was a Believer of Vehumet.
             Shot with a bolt by a yaktaur (2 damage)
             ... in the Dungeon (Sprint V: "Ziggurat Sprint").
             The game lasted 00:06:59 (407 turns).

Ponchio the Thaumaturge (Deep Elf Fire Elementalist) Turns: 407, Time: 00:06:59

Health: 0/32       AC:  6    Str:  5    XL:     6   Next: 39%
Magic:  26/31      EV: 17    Int: 43    God:    Vehumet [**....]
Gold:   0          SH:  0    Dex: 15    Spells: 2 memorised, 18 levels left

rFire  + . .     SeeInvis .     J - +6 Majin-Bo {vamp, Archmagi MP+6 Int+6}
rCold  . . .     Clarity  .     M - +2 robe {rF+}
rNeg   . . .     SustAb   .     (no shield)
rPois  .         Gourm    .     L - +1 helmet {Int+3}
rElec  .         Spirit   .     (no cloak)
rCorr  .         Warding  .     (no gloves)
rMut   .         NoTele   +     (no boots)
MR     .....                    (no amulet)
Stlth  ++........               B - +6 ring of intelligence
                                C - +6 ring of intelligence

@: not resistant to hostile enchantments, unstealthy
A: no striking features
a: Renounce Religion


You were in the Dungeon.
You worshipped Vehumet.
Vehumet was pleased with you.
You were not hungry.

You visited 1 branch

Inventory:

Hand weapons
 J - the +6 Majin-Bo (weapon) {vamp, Archmagi MP+6 Int+6}
   (You found it in the Dungeon)

   It inflicts no extra harm, but heals its wielder somewhat when it strikes a
   living foe.
   It affects your intelligence (+6).
   It affects your magic capacity (+6).
Armour
 L - a +1 helmet of intelligence (worn)
 M - a +2 robe of fire resistance (worn)
Jewellery
 B - a +6 ring of intelligence (right hand)
 C - a +6 ring of intelligence (left hand)
Magical devices
 F - a wand of disintegration (4)
 G - a wand of fire (5)
 H - a wand of cold (4)
 I - a wand of draining (5)
Scrolls
 i - 4 scrolls of blinking
 q - 4 scrolls of amnesia
 r - 3 scrolls of recharging
 s - 7 scrolls of fog
 t - a scroll of holy word
 u - 5 scrolls of identify
 v - 4 scrolls of remove curse
 w - 2 scrolls of fear
Potions
 d - 10 potions of curing
 e - 10 potions of heal wounds
 f - 6 potions of haste
 g - 7 potions of magic
 j - 2 potions of brilliance
 k - 2 potions of invisibility
 l - 2 potions of restore abilities
 m - 4 potions of resistance
 o - 5 potions of agility
 p - 5 potions of might
Books
 b - a book of Flames

   Spells                             Type                      Level
   a - Flame Tongue                   Conjuration/Fire             1
   b - Throw Flame                    Conjuration/Fire             2
   c - Conjure Flame                  Conjuration/Fire             3
   d - Inner Flame                    Hexes/Fire                   3
   e - Sticky Flame                   Conjuration/Fire             4
   f - Fireball                       Conjuration/Fire             5
 n - a book of Frost

   Spells                             Type                      Level
   a - Freeze                         Ice                          1
   b - Throw Frost                    Conjuration/Ice              2
   c - Ozocubu's Armour               Charms/Ice                   3
   d - Throw Icicle                   Conjuration/Ice              4
   e - Summon Ice Beast               Ice/Summoning                4
   f - Condensation Shield            Ice                          4
 N - the Tome of Changing and the Entourage
   (You found it in the Dungeon)

   Spells                             Type                      Level
   a - Summon Small Mammal            Summoning                    1
   b - Ice Form                       Ice/Transmutation            4
   c - Petrify                        Transmutation/Earth          4
   d - Summon Demon                   Summoning                    5
   e - Hydra Form                     Transmutation                6
Comestibles
 c - 5 bread rations
 x - 39 fruits
 z - 4 meat rations


   Skills:
 + Level 8.7 Dodging
 - Level 2.4 Stealth
 + Level 9.7 Spellcasting
 + Level 7.7 Conjurations
 - Level 3.2 Fire Magic
 - Level 8.8 Evocations


You had 18 spell levels left.
You knew the following spells:

 Your Spells              Type           Power        Failure   Level  Hunger
a - Flame Tongue          Conj/Fire      #####        1%          1    None
b - Fireball              Conj/Fire      #######...   6%          5    None


Dungeon Overview and Level Annotations

Branches:
Dungeon (1/1)

Altars:
Ashenzari
Cheibriados
Dithmenos
Elyvilon
Fedhas
Gozag
Kikubaaqudgha
Makhleb
Nemelex Xobeh
Okawaru
Qazlal
Ru
Sif Muna
Trog
Vehumet
Xom
Yredelemnul
Zin
The Shining One
Beogh
Jiyva
Lugonu


Message History

Found three items.
Casting: Fireball
Confirm with . or Enter, or press ? or * to list all spells.
Aiming: Fireball
Press: ? - help, Shift-Dir - straight line You feel a surge of power!
The fireball explodes!
The fireball engulfs the centaur.
The centaur is heavily wounded.
The centaur shouts!
The fireball engulfs the yaktaur.
The yaktaur is severely wounded.
The fireball engulfs the yaktaur.
The yaktaur is moderately wounded.
The yaktaur shouts!
The centaur wields a shortbow.
The centaur shoots an arrow.
The arrow closely misses you.
The yaktaur wields a runed arbalest.
The yaktaur shoots a bolt.
The bolt hits you!!
Ouch! That really hurt!
* * * LOW HITPOINT WARNING * * *
You die...

▓.....▓.....▓▓▓▓▓▓▓
▓▓▓▓▓▓▓▓▓▓▓▓▓▓
▓..8©8...▓
▓.cc:)...▓
▓...cc...▓
▓........▓
........▓
▓.▓....▓.▓
▓...@....▓
▓▓▓▓▓▓▓▓▓▓


You could see 3 yaktaurs and a centaur.

Vanquished Creatures
  A yak (D)
  A hell hound (D)
  A giant frog (D)
  2 sheep (D)
  A river rat (D)
  2 shadow imps (D)
  A giant gecko zombie (D)
9 creatures vanquished.

Notes
Turn   | Place    | Note
--------------------------------------------------------------
     0 | D        | Ponchio, the Deep Elf Fire Elementalist, began the quest for the Orb.
     0 | D        | Reached XP level 1. HP: 10/10 MP: 5/5
     0 | D        | Found a viscous altar of Jiyva.
     0 | D        | Found a corrupted altar of Lugonu.
     0 | D        | Found a white marble altar of Elyvilon.
     1 | D        | Found a burning altar of Makhleb.
     1 | D        | Found an iron altar of Okawaru.
     3 | D        | Found a sparkling altar of Nemelex Xobeh.
     3 | D        | Found a basalt altar of Yredelemnul.
     3 | D        | Found a deep blue altar of Sif Muna.
     3 | D        | Found a radiant altar of Vehumet.
     7 | D        | Found a bloodstained altar of Trog.
    24 | D        | Found a shimmering altar of Xom.
    32 | D        | Became a worshipper of Vehumet
    53 | D        | Reached skill level 8 in Evocations
    53 | D        | Reached XP level 2. HP: 15/15 MP: 6/8
   109 | D        | Entered arena 1.
   109 | D        | Noticed a yak
   109 | D        | Noticed a giant frog
   111 | D        | Killed a giant frog
   111 | D        | Reached skill level 5 in Spellcasting
   111 | D        | Reached XP level 3. HP: 19/19 MP: 14/14
   111 | D        | Reached XP level 4. HP: 24/24 MP: 17/17
   113 | D        | Killed a yak
   113 | D        | Reached XP level 5. HP: 28/28 MP: 19/22
   223 | D        | Learned a level 5 spell: Fireball
   223 | D        | Entered arena 2.
   224 | D        | Acquired Vehumet's first power
   224 | D        | Offered knowledge of Sandblast by Vehumet.
   352 | D        | Entered arena 3.
   352 | D        | Noticed a hell hound
   353 | D        | Offered knowledge of Sting by Vehumet.
   353 | D        | Reached XP level 6. HP: 32/32 MP: 25/25
   354 | D        | Killed a hell hound
   354 | D        | Reached skill level 9 in Spellcasting
   361 | D        | Identified the Tome of Changing and the Entourage (You found it in the Dungeon)
   406 | D        | Entered arena 4.
   406 | D        | Noticed a yaktaur
   406 | D        | Noticed a yaktaur
   406 | D        | Noticed a yaktaur
   406 | D        | Noticed a centaur
   407 | D        | Shot with a bolt by a yaktaur

Action                   |  1- 3 |  4- 6 || total
-------------------------+-------+-------++-------
Melee: Quarterstaff      |       |     1 ||     1
 Cast: Fireball          |       |     4 ||     4
Evoke: Wand              |     1 |     3 ||     4
  Use: Potion            |     1 |       ||     1
       Scroll            |       |     1 ||     1
  Eat: Fruit             |     2 |     1 ||     3
